Rangers vs Bruins
(R1)
Created - 10 avril 2013 at 23:34
Goals
|
| Rangers |
0 |
1 |
0 |
1 |
| Bruins |
0 |
2 |
1 |
3 |
|
Shots
|
| Rangers |
7 |
13 |
10 |
30 |
| Bruins |
11 |
16 |
13 |
40 |
|
1st period
No Goal
Penalties :
Jeff Carter (Bos) for Spearing (Major / Game Misconduct) at 0:44, Eric Lindros (Bos) for Interference (Minor) at 7:36, Milan Lucic (NYR) for High sticking (Minor) at 7:36, Richard Lintner (Bos) for Hooking (Minor) at 14:32
2nd period
1. Bruins , Wojtek Wolski 32 (Eric Lindros, Daniel Briere) at 3:29
2. Bruins , Michael Ryder 14 (Scott Hartnell, Vitali Yachmenev) at 5:51
3. Rangers , Milan Lucic 31 (Johan Franzen, Jeremy Roenick) at 14:49 (PP)
Penalties :
Andrew Alberts (Bos) for Goalie Interference (Minor) at 6:12, Matt Cooke (Bos) for Tripping (Minor) at 14:45, Kimmo Timonen (NYR) for Interference (Minor) at 14:56
3rd period
4. Bruins , Wayne Primeau 4 (Christoph Schubert, Matt Cooke) at 17:58
Penalties :
Johan Franzen (NYR) for Hooking (Minor) at 10:29, Bobby Holik (NYR) for Interference (Minor) at 11:27
Goalie Stats
Henrik Lundqvist (NYR), 37 saves from 40 shots - (0,925), L, 31-21-3, 60:00 minutes
Evgeni Nabokov (Bos), 29 saves from 30 shots - (0,967), W, 31-16-6, 60:00 minutes
Players Stats for Rangers
Player Name G A P +/- PIM S H SB GA TA FO MP PP MP PK MP
------------------------------------------------------------------------------------
Alexandre Burrows 0 0 0 0 0 0 0 0 0 0 0/0 1:37 0:04 0:44
Bobby Holik 0 0 0 0 2 1 3 0 0 0 6/12 17:33 3:34 0:01
Brent Seabrook 0 0 0 0 0 0 0 0 0 0 0/0 9:16 0:19 0:00
Bryan Berard 0 0 0 0 0 1 2 5 0 1 0/0 28:23 4:13 2:53
Cam Barker 0 0 0 -3 0 0 1 1 1 1 0/0 22:21 4:29 2:03
Drew Stafford 0 0 0 0 0 4 0 0 0 0 0/0 6:32 0:57 0:00
Dustin Brown 0 0 0 0 0 2 2 0 0 1 0/0 16:16 3:34 0:00
Ian Laperriere 0 0 0 -2 0 1 2 0 0 0 1/1 14:13 0:00 1:12
Jarkko Ruutu 0 0 0 -2 0 1 1 1 0 0 0/1 14:12 1:07 0:02
Jeremy Roenick 0 1 1 -1 0 4 2 0 1 1 19/39 24:23 4:11 2:57
Johan Franzen 0 1 1 -1 2 1 4 1 2 0 1/1 20:05 4:15 1:44
Josh Gorges 0 0 0 0 0 0 0 1 0 0 0/0 10:21 0:19 1:04
Kimmo Timonen 0 0 0 0 2 4 1 3 1 0 0/0 27:18 4:13 1:49
Kyle McLaren 0 0 0 -3 0 0 0 0 0 1 0/0 22:21 4:29 2:03
Martin Sonnenberg 0 0 0 0 0 0 1 0 0 0 0/0 4:52 0:00 0:00
Milan Lucic 1 0 1 -1 2 6 1 0 1 1 0/1 18:17 4:15 1:05
Patrice Bergeron 0 0 0 -2 0 2 2 4 0 0 5/8 15:38 1:22 0:00
Patrick Sharp 0 0 0 0 0 3 4 2 1 0 0/0 18:22 3:44 1:05
Players Stats for Bruins
Player Name G A P +/- PIM S H SB GA TA FO MP PP MP PK MP
------------------------------------------------------------------------------------
Andrew Alberts 0 0 0 1 2 3 1 0 1 1 0/0 27:00 3:26 3:11
Christoph Schubert 0 1 1 1 0 1 1 0 0 1 0/0 11:29 0:00 1:02
Daniel Briere 0 1 1 1 0 1 2 0 2 0 2/4 18:07 2:24 0:00
Eric Lindros 0 1 1 1 2 6 1 0 0 0 16/32 21:23 2:24 4:13
Jeff Carter 0 0 0 0 15 0 0 0 0 0 0/0 0:24 0:00 0:00
Joe Corvo 0 0 0 1 0 1 2 0 0 0 0/0 18:55 1:30 2:11
Matt Cooke 0 1 1 1 2 5 1 0 0 0 1/2 14:11 0:00 1:25
Matt Hendricks 0 0 0 0 0 0 0 0 0 0 1/3 5:40 0:00 0:47
Michael Ryder 1 0 1 1 0 2 0 0 0 0 7/13 17:28 2:16 0:00
Richard Lintner 0 0 0 1 2 0 1 1 0 1 0/0 13:42 0:00 3:16
Ryan O'Byrne 0 0 0 1 0 1 1 2 1 3 0/0 20:24 1:30 3:59
Scott Hartnell 0 1 1 1 0 4 1 1 1 0 0/1 18:12 2:24 3:36
Scottie Upshall 0 0 0 0 0 0 0 0 0 0 0/0 7:11 0:16 0:00
Victor Oreskovich 0 0 0 1 0 1 0 1 1 0 0/0 14:58 0:00 1:02
Vitali Yachmenev 0 1 1 1 0 4 1 0 0 0 0/0 14:14 2:32 0:00
Wayne Primeau 1 0 1 1 0 3 2 0 0 1 2/5 16:43 0:00 3:49
Wojtek Wolski 1 0 1 1 0 4 2 0 0 0 2/3 20:21 2:32 3:10
Zdeno Chara 0 0 0 1 0 4 0 1 0 0 0/0 28:33 3:26 4:23
3 Stars
1 - Evgeni Nabokov (Bos)
2 - Wojtek Wolski (Bos)
3 - Wayne Primeau (Bos)
Power Play
Rangers - 1 on 4 Attempt(s) - 25,00%
Bruins - 0 on 3 Attempt(s) - 0,00%
Penalty Kill
Rangers - 3 on 3 Attempt(s) - 100,00%
- Score 0 goal in Penalty Kill
Bruins - 3 on 4 Attempt(s) - 75,00%
- Score 0 goal in Penalty Kill
Official
Referees : O'Rourke Dan and Furlatt Eric
Linesman : Ryan Galloway and Mark Shewchyk
Game Notes
Jeff Carter ejected from game at 0:44 of 1st period
Finance
Level 1 -- Attendance: 4315 (71,92%) -- Ticket Income 427 185 $
Level 2 -- Attendance: 3761 (75,22%) -- Ticket Income 221 899 $
Level 3 -- Attendance: 1806 (90,30%) -- Ticket Income 52 374 $
Level 4 -- Attendance: 3888 (97,20%) -- Ticket Income 73 872 $
Luxury Box -- Attendance: 711 (71,10%) -- Ticket Income 134 379 $
Game was played at the TD Banknorth Garden
Total Attendance: 14481 (80,45%)
Total Ticket Income: 909 709 $
Total Income: 909 709 $
Rangers
5 vs 5 Forward
Center Left Wing Right Wing Time % Phy DF OF
1 Jeremy Roenick Milan Lucic Johan Franzen 40 1 2 2
2 Bobby Holik Patrick Sharp Dustin Brown 30 1 2 2
3 Patrice Bergeron Jarkko Ruutu Ian Laperriere 20 1 2 2
4 Jeremy Roenick Martin Sonnenberg Drew Stafford 10 1 2 2
5 vs 5 Defense
Defense Defense Time % Phy DF OF
1 Kimmo Timonen Bryan Berard 40 1 2 2
2 Cam Barker Kyle McLaren 30 1 2 2
3 Brent Seabrook Josh Gorges 20 1 2 2
4 Kimmo Timonen Bryan Berard 10 1 2 2
PowerPlay Forward
Center Left Wing Right Wing Time % Phy DF OF
1 Jeremy Roenick Milan Lucic Johan Franzen 60 1 2 2
2 Bobby Holik Patrick Sharp Dustin Brown 40 1 2 2
PowerPlay Defense
Defense Defense Time % Phy DF OF
1 Kimmo Timonen Bryan Berard 60 1 2 2
2 Cam Barker Kyle McLaren 40 1 2 2
Penalty Kill 4 Players Forward
Center Wing Time % Phy DF OF
1 Jeremy Roenick Johan Franzen 60 1 2 2
2 Milan Lucic Patrick Sharp 40 1 2 2
Penalty Kill 4 Players Defense
Defense Defense Time % Phy DF OF
1 Kimmo Timonen Bryan Berard 60 1 2 2
2 Cam Barker Kyle McLaren 40 1 2 2
Penalty Kill - 3 Players Forward
Forward Time % Phy DF OF
1 Jeremy Roenick 60 1 2 2
2 Johan Franzen 40 1 2 2
Penalty Kill - 3 Players Defense
Defense Defense Time % Phy DF OF
1 Kimmo Timonen Bryan Berard 60 1 2 2
2 Cam Barker Kyle McLaren 40 1 2 2
4 vs 4 Forward
Center Wing Time % Phy DF OF
1 Jeremy Roenick Johan Franzen 60 1 2 2
2 Milan Lucic Patrick Sharp 40 1 2 2
4 vs 4 Defense
Defense Defense Time % Phy DF OF
1 Kimmo Timonen Bryan Berard 60 1 2 2
2 Cam Barker Kyle McLaren 40 1 2 2
Last Minutes Offensive
Center Left Wing Right Wing Defense Defense
Jeremy Roenick Milan Lucic Johan Franzen Kimmo Timonen Bryan Berard
Last Minutes Defensive
Center Left Wing Right Wing Defense Defense
Jeremy Roenick Milan Lucic Johan Franzen Kimmo Timonen Bryan Berard
Goaltenders
Starting : Henrik Lundqvist
Backup : Hannu Toivonen
Extra Forwards
Normal : Patrice Bergeron, Jarkko Ruutu, Ian Laperriere - PP : Patrice Bergeron, Jarkko Ruutu - PK : Ian Laperriere
Extra Defensemen
Normal : Brent Seabrook, Josh Gorges, Cam Barker - PP : Brent Seabrook - PK : Josh Gorges, Cam Barker
Penalty Shots
Jeremy Roenick, Johan Franzen, Milan Lucic, Patrick Sharp, Bobby Holik
Bruins
5 vs 5 Forward
Center Left Wing Right Wing Time % Phy DF OF
1 Eric Lindros Wojtek Wolski Daniel Briere 40 0 2 3
2 Jeff Carter Scott Hartnell Vitali Yachmenev 30 1 2 2
3 Wayne Primeau Matt Cooke Victor Oreskovich 20 1 2 2
4 Matt Hendricks Scottie Upshall Michael Ryder 10 1 2 2
5 vs 5 Defense
Defense Defense Time % Phy DF OF
1 Zdeno Chara Andrew Alberts 40 0 2 3
2 Ryan O'Byrne Joe Corvo 30 0 2 3
3 Christoph Schubert Richard Lintner 20 1 2 2
4 Andrew Alberts Zdeno Chara 10 1 2 2
PowerPlay Forward
Center Left Wing Right Wing Time % Phy DF OF
1 Eric Lindros Scott Hartnell Daniel Briere 60 1 2 2
2 Jeff Carter Wojtek Wolski Vitali Yachmenev 40 1 2 2
PowerPlay Defense
Defense Defense Time % Phy DF OF
1 Zdeno Chara Andrew Alberts 60 1 2 2
2 Ryan O'Byrne Joe Corvo 40 1 2 2
Penalty Kill 4 Players Forward
Center Wing Time % Phy DF OF
1 Eric Lindros Wayne Primeau 60 1 2 2
2 Wojtek Wolski Scott Hartnell 40 1 2 2
Penalty Kill 4 Players Defense
Defense Defense Time % Phy DF OF
1 Zdeno Chara Andrew Alberts 60 1 2 2
2 Ryan O'Byrne Richard Lintner 40 1 2 2
Penalty Kill - 3 Players Forward
Forward Time % Phy DF OF
1 Wayne Primeau 60 1 2 2
2 Eric Lindros 40 1 2 2
Penalty Kill - 3 Players Defense
Defense Defense Time % Phy DF OF
1 Zdeno Chara Andrew Alberts 60 1 2 2
2 Ryan O'Byrne Richard Lintner 40 1 2 2
4 vs 4 Forward
Center Wing Time % Phy DF OF
1 Eric Lindros Daniel Briere 60 1 2 2
2 Wojtek Wolski Jeff Carter 40 1 2 2
4 vs 4 Defense
Defense Defense Time % Phy DF OF
1 Zdeno Chara Andrew Alberts 60 1 2 2
2 Ryan O'Byrne Joe Corvo 40 1 2 2
Last Minutes Offensive
Center Left Wing Right Wing Defense Defense
Eric Lindros Wojtek Wolski Daniel Briere Zdeno Chara Andrew Alberts
Last Minutes Defensive
Center Left Wing Right Wing Defense Defense
Wayne Primeau Wojtek Wolski Daniel Briere Zdeno Chara Richard Lintner
Goaltenders
Starting : Evgeni Nabokov
Backup : Scott Clemmensen
Extra Forwards
Normal : Michael Ryder, Scottie Upshall, Victor Oreskovich - PP : Michael Ryder, Scottie Upshall - PK : Victor Oreskovich
Extra Defensemen
Normal : Joe Corvo, Richard Lintner, Zdeno Chara - PP : Joe Corvo - PK : Richard Lintner, Joe Corvo
Penalty Shots
Eric Lindros, Jeff Carter, Wojtek Wolski, Daniel Briere, Zdeno Chara
% Time on Ice - Rangers
Lines # - Real PCT - Wanted PCT - Time Play
Normal Forward
1 - 31% - 40% - 13:41
2 - 29% - 30% - 12:44
3 - 29% - 20% - 12:47
4 - 11% - 10% - 4:52
Normal Defense
1 - 43% - 40% - 18:51
2 - 35% - 30% - 15:18
3 - 20% - 20% - 8:57
4 - 2% - 10% - 0:58
PP Forward
1 - 59% - 60% - 5:17
2 - 41% - 40% - 3:44
PP Defense
1 - 50% - 60% - 4:32
2 - 50% - 40% - 4:29
PK Forward
1 - 72% - 60% - 2:50
2 - 28% - 40% - 1:05
PK Defense
1 - 54% - 60% - 2:06
2 - 46% - 40% - 1:49
PK3 Forward
1 - 79% - 60% - 0:48
2 - 21% - 40% - 0:13
PK3 Defense
1 - 77% - 60% - 0:47
2 - 23% - 40% - 0:14
44 Forward
1 - 59% - 60% - 1:10
2 - 41% - 40% - 0:49
44 Defense
1 - 74% - 60% - 1:28
2 - 26% - 40% - 0:31
Last Minute Offensive - 0:00
Last Minute Defensive - 0:00
Total
Forward - 60:00
Defense - 60:00
|
% Time on Ice - Bruins
Lines # - Real PCT - Wanted PCT - Time Play
Normal Forward
1 - 34% - 40% - 14:50
2 - 27% - 30% - 11:47
3 - 29% - 20% - 12:41
4 - 11% - 10% - 4:46
Normal Defense
1 - 40% - 40% - 17:49
2 - 32% - 30% - 14:07
3 - 24% - 20% - 10:24
4 - 4% - 10% - 1:44
PP Forward
1 - 49% - 60% - 2:24
2 - 51% - 40% - 2:32
PP Defense
1 - 70% - 60% - 3:26
2 - 30% - 40% - 1:30
PK Forward
1 - 65% - 60% - 5:51
2 - 35% - 40% - 3:10
PK Defense
1 - 56% - 60% - 5:02
2 - 44% - 40% - 3:59
PK3 Forward
1 - 0% - 60%
2 - 0% - 40%
PK3 Defense
1 - 0% - 60%
2 - 0% - 40%
44 Forward
1 - 72% - 60% - 1:26
2 - 28% - 40% - 0:33
44 Defense
1 - 60% - 60% - 1:11
2 - 40% - 40% - 0:48
Last Minute Offensive - 0:00
Last Minute Defensive - 0:00
Total
Forward - 60:00
Defense - 60:00
|
Play by Play
1st period
0:01 of 1st period - Jeremy Roenick wins face-off versus Eric Lindros in neutral zone.
0:27 of 1st period - Off-side.
0:28 of 1st period - Bobby Holik wins face-off versus Scott Hartnell in neutral zone.
0:44 of 1st period - Major / Game Misconduct Penalty to Jeff Carter for Spearing.
0:44 of 1st period - Jeff Carter is ejected from game.
0:45 of 1st period - Jeremy Roenick wins face-off versus Eric Lindros in Bruins zone.
1:15 of 1st period - Zdeno Chara is hit by Bobby Holik and loses puck.
1:30 of 1st period - Scott Hartnell is hit by Jeremy Roenick and loses puck.
2:43 of 1st period - Cam Barker is hit by Matt Cooke and loses puck.
3:12 of 1st period - Slapshot by Zdeno Chara.
3:12 of 1st period - Shot Misses the Net.
3:14 of 1st period - Wrist shot by Matt Cooke.
3:14 of 1st period - Stopped by Henrik Lundqvist without a rebound.
3:15 of 1st period - Matt Hendricks wins face-off versus Patrice Bergeron in Rangers zone.
5:04 of 1st period - Wojtek Wolski is hit by Milan Lucic.
5:44 of 1st period - Penalty to Jeff Carter is over, Daniel Briere is send on ice.
5:51 of 1st period - Snap shot by Drew Stafford.
5:51 of 1st period - Stopped by Evgeni Nabokov without a rebound.
5:52 of 1st period - Patrice Bergeron wins face-off versus Matt Hendricks in Bruins zone.
5:59 of 1st period - Wrist shot by Jarkko Ruutu.
5:59 of 1st period - Shot Blocked by Ryan O'Byrne.
6:52 of 1st period - Snap shot by Matt Cooke.
6:52 of 1st period - Stopped by Henrik Lundqvist with a rebound.
6:55 of 1st period - Icing by Brent Seabrook.
6:56 of 1st period - Wayne Primeau wins face-off versus Patrice Bergeron in Rangers zone.
6:59 of 1st period - Backhand shot by Zdeno Chara.
6:59 of 1st period - Stopped by Henrik Lundqvist with a rebound.
7:19 of 1st period - Snap shot by Dustin Brown.
7:19 of 1st period - Stopped by Evgeni Nabokov with a rebound.
7:21 of 1st period - Snap shot by Dustin Brown.
7:21 of 1st period - Stopped by Evgeni Nabokov with a rebound.
7:23 of 1st period - Slapshot by Josh Gorges.
7:23 of 1st period - Deflect By Patrick Sharp.
7:23 of 1st period - Shot Blocked by Victor Oreskovich.
7:23 of 1st period - Puck is out of play.
7:24 of 1st period - Jeremy Roenick wins face-off versus Daniel Briere in Bruins zone.
7:25 of 1st period - Backhand shot by Milan Lucic.
7:25 of 1st period - Stopped by Evgeni Nabokov with a rebound.
7:36 of 1st period - Minor Penalty to Eric Lindros for Interference.
7:36 of 1st period - Minor Penalty to Milan Lucic for High sticking.
7:37 of 1st period - Michael Ryder wins face-off versus Jeremy Roenick in Rangers zone.
7:48 of 1st period - Slapshot by Daniel Briere.
7:48 of 1st period - Shot Misses the Net.
7:50 of 1st period - Snap shot by Michael Ryder.
7:50 of 1st period - Stopped by Henrik Lundqvist with a rebound.
8:18 of 1st period - Ryan O'Byrne is hit by Johan Franzen and loses puck.
8:35 of 1st period - Slapshot by Kimmo Timonen.
8:35 of 1st period - Stopped by Evgeni Nabokov without a rebound.
8:36 of 1st period - Patrice Bergeron wins face-off versus Wojtek Wolski in Bruins zone.
8:47 of 1st period - Wrist shot by Patrick Sharp.
8:47 of 1st period - Shot Misses the Net.
9:01 of 1st period - Zdeno Chara is hit by Cam Barker and loses puck.
9:31 of 1st period - Off-side.
9:32 of 1st period - Wojtek Wolski wins face-off versus Jarkko Ruutu in neutral zone.
9:36 of 1st period - Penalty to Eric Lindros is over, Eric Lindros is back on ice.
9:36 of 1st period - Penalty to Milan Lucic is over, Milan Lucic is back on ice.
9:37 of 1st period - Wrist shot by Eric Lindros.
9:37 of 1st period - Stopped by Henrik Lundqvist without a rebound.
9:38 of 1st period - Michael Ryder wins face-off versus Bobby Holik in Rangers zone.
10:03 of 1st period - Kyle McLaren is hit by Daniel Briere and loses puck.
10:33 of 1st period - Wrist shot by Jarkko Ruutu.
10:33 of 1st period - Stopped by Evgeni Nabokov with a rebound.
11:25 of 1st period - Snap shot by Scott Hartnell.
11:25 of 1st period - Stopped by Henrik Lundqvist with a rebound.
11:38 of 1st period - Icing by Andrew Alberts.
11:39 of 1st period - Matt Cooke wins face-off versus Bobby Holik in Bruins zone.
11:46 of 1st period - Slapshot by Andrew Alberts.
11:46 of 1st period - Shot Blocked by Kimmo Timonen.
12:13 of 1st period - Wayne Primeau is hit by Dustin Brown and loses puck.
12:34 of 1st period - Snap shot by Wayne Primeau.
12:34 of 1st period - Stopped by Henrik Lundqvist with a rebound.
12:36 of 1st period - Slapshot by Zdeno Chara.
12:36 of 1st period - Deflect By Bryan Berard.
12:36 of 1st period - Stopped by Henrik Lundqvist with a rebound.
12:38 of 1st period - Slapshot by Andrew Alberts.
12:38 of 1st period - Stopped by Henrik Lundqvist with a rebound.
12:40 of 1st period - Snap shot by Zdeno Chara.
12:40 of 1st period - Shot Misses the Net.
12:48 of 1st period - Slapshot by Matt Cooke.
12:48 of 1st period - Shot Blocked by Bryan Berard.
13:12 of 1st period - Snap shot by Matt Cooke.
13:12 of 1st period - Shot Blocked by Kimmo Timonen.
13:14 of 1st period - Slapshot by Andrew Alberts.
13:14 of 1st period - Shot Blocked by Bryan Berard.
13:16 of 1st period - Slapshot by Zdeno Chara.
13:16 of 1st period - Shot Blocked by Bryan Berard.
13:18 of 1st period - Snap shot by Victor Oreskovich.
13:18 of 1st period - Shot Blocked by Bryan Berard.
13:20 of 1st period - Slapshot by Victor Oreskovich.
13:20 of 1st period - Stopped by Henrik Lundqvist with a rebound.
13:22 of 1st period - Snap shot by Andrew Alberts.
13:22 of 1st period - Shot Blocked by Bryan Berard.
13:24 of 1st period - Slapshot by Andrew Alberts.
13:24 of 1st period - Deflect By Matt Cooke.
13:24 of 1st period - Shot Blocked by Patrick Sharp.
13:24 of 1st period - Puck is out of play.
13:25 of 1st period - Eric Lindros wins face-off versus Jeremy Roenick in Rangers zone.
13:32 of 1st period - Slapshot by Wojtek Wolski.
13:32 of 1st period - Stopped by Henrik Lundqvist with a rebound.
13:59 of 1st period - Snap shot by Scott Hartnell.
13:59 of 1st period - Shot Misses the Net.
14:13 of 1st period - Slapshot by Patrice Bergeron.
14:13 of 1st period - Shot Misses the Net.
14:32 of 1st period - Minor Penalty to Richard Lintner for Hooking.
14:33 of 1st period - Jeremy Roenick wins face-off versus Eric Lindros in Bruins zone.
14:36 of 1st period - Backhand shot by Milan Lucic.
14:36 of 1st period - Shot Blocked by Ryan O'Byrne.
16:32 of 1st period - Penalty to Richard Lintner is over, Richard Lintner is back on ice.
16:46 of 1st period - Ian Laperriere is hit by Daniel Briere and loses puck.
17:01 of 1st period - Bryan Berard is hit by Scott Hartnell and loses puck.
17:22 of 1st period - Michael Ryder is hit by Patrick Sharp.
18:12 of 1st period - Milan Lucic is hit by Eric Lindros and loses puck.
18:45 of 1st period - Scott Hartnell is hit by Bobby Holik and loses puck.
19:22 of 1st period - Icing by Scottie Upshall.
19:23 of 1st period - Jeremy Roenick wins face-off versus Matt Hendricks in Bruins zone.
19:28 of 1st period - Slapshot by Drew Stafford.
19:28 of 1st period - Stopped by Evgeni Nabokov with a rebound.
2nd period
0:01 of 2nd period - Johan Franzen wins face-off versus Eric Lindros in neutral zone.
0:12 of 2nd period - Snap shot by Daniel Briere.
0:12 of 2nd period - Stopped by Henrik Lundqvist with a rebound.
0:14 of 2nd period - Wrist shot by Andrew Alberts.
0:14 of 2nd period - Shot Misses the Net.
0:16 of 2nd period - Slapshot by Zdeno Chara.
0:16 of 2nd period - Stopped by Henrik Lundqvist with a rebound.
0:26 of 2nd period - Michael Ryder is hit by Kimmo Timonen and loses puck.
1:20 of 2nd period - Snap shot by Jeremy Roenick.
1:20 of 2nd period - Stopped by Evgeni Nabokov without a rebound.
1:21 of 2nd period - Jeremy Roenick wins face-off versus Michael Ryder in Bruins zone.
1:52 of 2nd period - Backhand shot by Drew Stafford.
1:52 of 2nd period - Stopped by Evgeni Nabokov without a rebound.
1:53 of 2nd period - Bobby Holik wins face-off versus Eric Lindros in Bruins zone.
2:02 of 2nd period - Snap shot by Bobby Holik.
2:02 of 2nd period - Stopped by Evgeni Nabokov with a rebound.
2:04 of 2nd period - Snap shot by Patrick Sharp.
2:04 of 2nd period - Stopped by Evgeni Nabokov without a rebound.
2:05 of 2nd period - Eric Lindros wins face-off versus Jeremy Roenick in Bruins zone.
2:10 of 2nd period - Backhand shot by Eric Lindros.
2:10 of 2nd period - Deflect By Wojtek Wolski.
2:10 of 2nd period - Stopped by Henrik Lundqvist with a rebound.
2:12 of 2nd period - Wrist shot by Daniel Briere.
2:12 of 2nd period - Shot Misses the Net.
2:39 of 2nd period - Wrist shot by Patrick Sharp.
2:39 of 2nd period - Stopped by Evgeni Nabokov with a rebound.
3:15 of 2nd period - Wrist shot by Michael Ryder.
3:15 of 2nd period - Shot Blocked by Patrice Bergeron.
3:17 of 2nd period - Slapshot by Richard Lintner.
3:17 of 2nd period - Shot Blocked by Patrice Bergeron.
3:19 of 2nd period - Slapshot by Christoph Schubert.
3:19 of 2nd period - Stopped by Henrik Lundqvist without a rebound.
3:20 of 2nd period - Daniel Briere wins face-off versus Jeremy Roenick in Rangers zone.
3:29 of 2nd period - Wrist shot by Wojtek Wolski.
3:29 of 2nd period - Goal by Wojtek Wolski - Rangers : 0 - Bruins : 1.
3:30 of 2nd period - Eric Lindros wins face-off versus Jeremy Roenick in neutral zone.
3:41 of 2nd period - Snap shot by Eric Lindros.
3:41 of 2nd period - Stopped by Henrik Lundqvist with a rebound.
3:43 of 2nd period - Snap shot by Daniel Briere.
3:43 of 2nd period - Shot Misses the Net.
3:45 of 2nd period - Snap shot by Zdeno Chara.
3:45 of 2nd period - Shot Blocked by Johan Franzen.
3:47 of 2nd period - Slapshot by Andrew Alberts.
3:47 of 2nd period - Stopped by Henrik Lundqvist without a rebound.
3:48 of 2nd period - Bobby Holik wins face-off versus Michael Ryder in Rangers zone.
4:15 of 2nd period - Kimmo Timonen is hit by Wojtek Wolski and loses puck.
5:35 of 2nd period - Snap shot by Vitali Yachmenev.
5:35 of 2nd period - Deflect By Scott Hartnell.
5:35 of 2nd period - Stopped by Henrik Lundqvist with a rebound.
5:37 of 2nd period - Wrist shot by Michael Ryder.
5:37 of 2nd period - Shot Misses the Net.
5:49 of 2nd period - Snap shot by Scott Hartnell.
5:49 of 2nd period - Shot Blocked by Jarkko Ruutu.
5:51 of 2nd period - Snap shot by Michael Ryder.
5:51 of 2nd period - Goal by Michael Ryder - Rangers : 0 - Bruins : 2.
5:52 of 2nd period - Eric Lindros wins face-off versus Jeremy Roenick in neutral zone.
6:01 of 2nd period - Slapshot by Wojtek Wolski.
6:01 of 2nd period - Deflect By Jeremy Roenick.
6:01 of 2nd period - Shot Blocked by Kimmo Timonen.
6:01 of 2nd period - Puck is out of play.
6:02 of 2nd period - Eric Lindros wins face-off versus Jeremy Roenick in Rangers zone.
6:12 of 2nd period - Minor Penalty to Andrew Alberts for Goalie Interference.
6:13 of 2nd period - Jeremy Roenick wins face-off versus Eric Lindros in Bruins zone.
6:40 of 2nd period - Zdeno Chara is hit by Dustin Brown and loses puck.
7:03 of 2nd period - Patrick Sharp is hit by Joe Corvo and loses puck.
7:08 of 2nd period - Wrist shot by Wojtek Wolski.
7:08 of 2nd period - Stopped by Henrik Lundqvist without a rebound.
7:09 of 2nd period - Jeremy Roenick wins face-off versus Eric Lindros in Rangers zone.
7:34 of 2nd period - Wojtek Wolski is hit by Johan Franzen and loses puck.
7:49 of 2nd period - Wrist shot by Johan Franzen.
7:49 of 2nd period - Shot Blocked by Richard Lintner.
7:51 of 2nd period - Snap shot by Cam Barker.
7:51 of 2nd period - Deflect By Milan Lucic.
7:51 of 2nd period - Shot Blocked by Scott Hartnell.
7:51 of 2nd period - Puck is out of play.
7:52 of 2nd period - Bobby Holik wins face-off versus Wayne Primeau in Bruins zone.
7:57 of 2nd period - Wrist shot by Patrick Sharp.
7:57 of 2nd period - Shot Misses the Net.
7:59 of 2nd period - Snap shot by Kimmo Timonen.
7:59 of 2nd period - Shot Misses the Net.
8:12 of 2nd period - Penalty to Andrew Alberts is over, Andrew Alberts is back on ice.
8:16 of 2nd period - Zdeno Chara is hit by Bryan Berard.
8:46 of 2nd period - Daniel Briere is hit by Jarkko Ruutu and loses puck.
9:29 of 2nd period - Slapshot by Bryan Berard.
9:29 of 2nd period - Stopped by Evgeni Nabokov without a rebound.
9:30 of 2nd period - Jeremy Roenick wins face-off versus Michael Ryder in Bruins zone.
9:31 of 2nd period - Snap shot by Milan Lucic.
9:31 of 2nd period - Stopped by Evgeni Nabokov without a rebound.
9:32 of 2nd period - Eric Lindros wins face-off versus Jeremy Roenick in Bruins zone.
10:05 of 2nd period - Snap shot by Vitali Yachmenev.
10:05 of 2nd period - Stopped by Henrik Lundqvist with a rebound.
10:39 of 2nd period - Snap shot by Eric Lindros.
10:39 of 2nd period - Stopped by Henrik Lundqvist without a rebound.
10:40 of 2nd period - Wojtek Wolski wins face-off versus Bobby Holik in Rangers zone.
10:49 of 2nd period - Zdeno Chara is hit by Patrick Sharp and loses puck.
11:00 of 2nd period - Milan Lucic is hit by Andrew Alberts.
11:06 of 2nd period - Vitali Yachmenev is hit by Johan Franzen and loses puck.
11:25 of 2nd period - Wrist shot by Matt Cooke.
11:25 of 2nd period - Shot Misses the Net.
11:27 of 2nd period - Snap shot by Wayne Primeau.
11:27 of 2nd period - Shot Blocked by Patrice Bergeron.
11:29 of 2nd period - Wrist shot by Victor Oreskovich.
11:29 of 2nd period - Shot Misses the Net.
12:05 of 2nd period - Snap shot by Vitali Yachmenev.
12:05 of 2nd period - Shot Misses the Net.
12:07 of 2nd period - Wrist shot by Scott Hartnell.
12:07 of 2nd period - Stopped by Henrik Lundqvist with a rebound.
12:39 of 2nd period - Wrist shot by Eric Lindros.
12:39 of 2nd period - Shot Blocked by Cam Barker.
12:41 of 2nd period - Slapshot by Andrew Alberts.
12:41 of 2nd period - Stopped by Henrik Lundqvist with a rebound.
13:11 of 2nd period - Snap shot by Jeremy Roenick.
13:11 of 2nd period - Stopped by Evgeni Nabokov with a rebound.
13:45 of 2nd period - Wrist shot by Vitali Yachmenev.
13:45 of 2nd period - Stopped by Henrik Lundqvist with a rebound.
14:01 of 2nd period - Snap shot by Johan Franzen.
14:01 of 2nd period - Stopped by Evgeni Nabokov without a rebound.
14:02 of 2nd period - Patrice Bergeron wins face-off versus Eric Lindros in Bruins zone.
14:11 of 2nd period - Wojtek Wolski is hit by Bryan Berard and loses puck.
14:45 of 2nd period - Minor Penalty to Matt Cooke for Tripping.
14:46 of 2nd period - Jeremy Roenick wins face-off versus Eric Lindros in Bruins zone.
14:49 of 2nd period - Wrist shot by Johan Franzen.
14:49 of 2nd period - Deflect By Milan Lucic.
14:49 of 2nd period - Goal by Milan Lucic - Rangers : 1 - Bruins : 2.
14:50 of 2nd period - Jeremy Roenick wins face-off versus Eric Lindros in neutral zone.
14:56 of 2nd period - Minor Penalty to Kimmo Timonen for Interference.
14:57 of 2nd period - Eric Lindros wins face-off versus Jeremy Roenick in Rangers zone.
15:22 of 2nd period - Johan Franzen is hit by Vitali Yachmenev and loses puck.
16:13 of 2nd period - Slapshot by Andrew Alberts.
16:13 of 2nd period - Shot Misses the Net.
16:15 of 2nd period - Slapshot by Zdeno Chara.
16:15 of 2nd period - Shot Blocked by Patrick Sharp.
16:27 of 2nd period - Wrist shot by Vitali Yachmenev.
16:27 of 2nd period - Stopped by Henrik Lundqvist without a rebound.
16:28 of 2nd period - Eric Lindros wins face-off versus Jeremy Roenick in Rangers zone.
16:56 of 2nd period - Penalty to Kimmo Timonen is over, Kimmo Timonen is back on ice.
17:10 of 2nd period - Matt Cooke is hit by Ian Laperriere and loses puck.
17:25 of 2nd period - Scottie Upshall is hit by Patrick Sharp.
18:15 of 2nd period - Slapshot by Patrice Bergeron.
18:15 of 2nd period - Stopped by Evgeni Nabokov without a rebound.
18:16 of 2nd period - Eric Lindros wins face-off versus Patrice Bergeron in Bruins zone.
18:27 of 2nd period - Wrist shot by Patrice Bergeron.
18:27 of 2nd period - Stopped by Evgeni Nabokov without a rebound.
18:28 of 2nd period - Jeremy Roenick wins face-off versus Eric Lindros in Bruins zone.
18:35 of 2nd period - Wrist shot by Milan Lucic.
18:35 of 2nd period - Stopped by Evgeni Nabokov with a rebound.
18:41 of 2nd period - Wrist shot by Eric Lindros.
18:41 of 2nd period - Shot Misses the Net.
18:43 of 2nd period - Snap shot by Eric Lindros.
18:43 of 2nd period - Deflect By Wojtek Wolski.
18:43 of 2nd period - Shot Misses the Net.
18:43 of 2nd period - Puck is out of play.
18:44 of 2nd period - Michael Ryder wins face-off versus Bobby Holik in Rangers zone.
19:28 of 2nd period - Patrice Bergeron is hit by Wayne Primeau and loses puck.
3rd period
0:01 of 3rd period - Jeremy Roenick wins face-off versus Eric Lindros in neutral zone.
0:14 of 3rd period - Snap shot by Milan Lucic.
0:14 of 3rd period - Stopped by Evgeni Nabokov with a rebound.
0:25 of 3rd period - Andrew Alberts is hit by Bobby Holik and loses puck.
0:47 of 3rd period - Bryan Berard is hit by Joe Corvo and loses puck.
1:14 of 3rd period - Wrist shot by Milan Lucic.
1:14 of 3rd period - Stopped by Evgeni Nabokov without a rebound.
1:15 of 3rd period - Jeremy Roenick wins face-off versus Daniel Briere in Bruins zone.
2:01 of 3rd period - Zdeno Chara is hit by Patrice Bergeron and loses puck.
3:08 of 3rd period - Wrist shot by Zdeno Chara.
3:08 of 3rd period - Stopped by Henrik Lundqvist without a rebound.
3:09 of 3rd period - Patrice Bergeron wins face-off versus Matt Cooke in Rangers zone.
3:16 of 3rd period - Snap shot by Matt Cooke.
3:16 of 3rd period - Stopped by Henrik Lundqvist with a rebound.
3:18 of 3rd period - Slapshot by Ryan O'Byrne.
3:18 of 3rd period - Shot Blocked by Josh Gorges.
4:13 of 3rd period - Wrist shot by Victor Oreskovich.
4:13 of 3rd period - Deflect By Matt Cooke.
4:13 of 3rd period - Stopped by Henrik Lundqvist without a rebound.
4:14 of 3rd period - Daniel Briere wins face-off versus Jeremy Roenick in Rangers zone.
4:23 of 3rd period - Wrist shot by Eric Lindros.
4:23 of 3rd period - Stopped by Henrik Lundqvist without a rebound.
4:24 of 3rd period - Jeremy Roenick wins face-off versus Eric Lindros in Rangers zone.
4:24 of 3rd period - Jeremy Roenick is hit by Richard Lintner.
5:32 of 3rd period - Slapshot by Eric Lindros.
5:32 of 3rd period - Stopped by Henrik Lundqvist without a rebound.
5:33 of 3rd period - Bobby Holik wins face-off versus Michael Ryder in Rangers zone.
7:27 of 3rd period - Icing by Wayne Primeau.
7:28 of 3rd period - Jeremy Roenick wins face-off versus Wayne Primeau in Bruins zone.
7:29 of 3rd period - Snap shot by Drew Stafford.
7:29 of 3rd period - Stopped by Evgeni Nabokov without a rebound.
7:30 of 3rd period - Wayne Primeau wins face-off versus Jeremy Roenick in Bruins zone.
7:30 of 3rd period - Wayne Primeau is hit by Martin Sonnenberg.
7:54 of 3rd period - Slapshot by Kimmo Timonen.
7:54 of 3rd period - Stopped by Evgeni Nabokov with a rebound.
7:58 of 3rd period - Wrist shot by Patrick Sharp.
7:58 of 3rd period - Stopped by Evgeni Nabokov without a rebound.
7:59 of 3rd period - Eric Lindros wins face-off versus Bobby Holik in Bruins zone.
8:04 of 3rd period - Snap shot by Joe Corvo.
8:04 of 3rd period - Stopped by Henrik Lundqvist with a rebound.
8:09 of 3rd period - Icing by Kyle McLaren.
8:10 of 3rd period - Eric Lindros wins face-off versus Bobby Holik in Rangers zone.
8:45 of 3rd period - Off-side.
8:46 of 3rd period - Eric Lindros wins face-off versus Jeremy Roenick in neutral zone.
8:51 of 3rd period - Slapshot by Wojtek Wolski.
8:51 of 3rd period - Deflect By Jeremy Roenick.
8:51 of 3rd period - Shot Misses the Net.
8:51 of 3rd period - Puck is out of play.
8:52 of 3rd period - Eric Lindros wins face-off versus Jeremy Roenick in Rangers zone.
9:17 of 3rd period - Snap shot by Wojtek Wolski.
9:17 of 3rd period - Shot Misses the Net.
9:19 of 3rd period - Snap shot by Ryan O'Byrne.
9:19 of 3rd period - Stopped by Henrik Lundqvist without a rebound.
9:20 of 3rd period - Michael Ryder wins face-off versus Jeremy Roenick in Rangers zone.
9:45 of 3rd period - Matt Cooke is hit by Patrick Sharp and loses puck.
9:52 of 3rd period - Slapshot by Kimmo Timonen.
9:52 of 3rd period - Stopped by Evgeni Nabokov with a rebound.
9:54 of 3rd period - Wrist shot by Dustin Brown.
9:54 of 3rd period - Shot Blocked by Zdeno Chara.
10:19 of 3rd period - Icing by Patrice Bergeron.
10:20 of 3rd period - Patrice Bergeron wins face-off versus Michael Ryder in Rangers zone.
10:27 of 3rd period - Slapshot by Kimmo Timonen.
10:27 of 3rd period - Stopped by Evgeni Nabokov without a rebound.
10:28 of 3rd period - Michael Ryder wins face-off versus Jeremy Roenick in Bruins zone.
10:28 of 3rd period - Michael Ryder is hit by Jeremy Roenick.
10:29 of 3rd period - Minor Penalty to Johan Franzen for Hooking.
10:30 of 3rd period - Eric Lindros wins face-off versus Jeremy Roenick in Rangers zone.
11:27 of 3rd period - Minor Penalty to Bobby Holik for Interference.
11:28 of 3rd period - Jeremy Roenick wins face-off versus Eric Lindros in Rangers zone.
12:17 of 3rd period - Icing by Daniel Briere.
12:18 of 3rd period - Ian Laperriere wins face-off versus Eric Lindros in Bruins zone.
12:21 of 3rd period - Snap shot by Ian Laperriere.
12:21 of 3rd period - Shot Misses the Net.
12:23 of 3rd period - Wrist shot by Cam Barker.
12:23 of 3rd period - Shot Misses the Net.
12:25 of 3rd period - Wrist shot by Ian Laperriere.
12:25 of 3rd period - Stopped by Evgeni Nabokov without a rebound.
12:26 of 3rd period - Jeremy Roenick wins face-off versus Eric Lindros in Bruins zone.
12:29 of 3rd period - Penalty to Johan Franzen is over, Johan Franzen is back on ice.
13:27 of 3rd period - Penalty to Bobby Holik is over, Bobby Holik is back on ice.
13:32 of 3rd period - Off-side.
13:33 of 3rd period - Bobby Holik wins face-off versus Wayne Primeau in neutral zone.
14:03 of 3rd period - Daniel Briere is hit by Ian Laperriere and loses puck.
14:16 of 3rd period - Wrist shot by Jeremy Roenick.
14:16 of 3rd period - Stopped by Evgeni Nabokov with a rebound.
14:18 of 3rd period - Slapshot by Bryan Berard.
14:18 of 3rd period - Shot Hit the Post.
14:22 of 3rd period - Slapshot by Jeremy Roenick.
14:22 of 3rd period - Stopped by Evgeni Nabokov without a rebound.
14:23 of 3rd period - Michael Ryder wins face-off versus Milan Lucic in Bruins zone.
14:36 of 3rd period - Snap shot by Vitali Yachmenev.
14:36 of 3rd period - Stopped by Henrik Lundqvist without a rebound.
14:37 of 3rd period - Eric Lindros wins face-off versus Jeremy Roenick in Rangers zone.
14:46 of 3rd period - Snap shot by Eric Lindros.
14:46 of 3rd period - Shot Hit the Post.
14:48 of 3rd period - Wrist shot by Eric Lindros.
14:48 of 3rd period - Stopped by Henrik Lundqvist without a rebound.
14:49 of 3rd period - Eric Lindros wins face-off versus Jeremy Roenick in Rangers zone.
15:15 of 3rd period - Scottie Upshall is hit by Patrice Bergeron and loses puck.
15:53 of 3rd period - Off-side.
15:54 of 3rd period - Michael Ryder wins face-off versus Jeremy Roenick in neutral zone.
15:57 of 3rd period - Kyle McLaren is hit by Christoph Schubert and loses puck.
16:06 of 3rd period - Slapshot by Scott Hartnell.
16:06 of 3rd period - Stopped by Henrik Lundqvist with a rebound.
16:08 of 3rd period - Backhand shot by Richard Lintner.
16:08 of 3rd period - Shot Misses the Net.
16:40 of 3rd period - Kyle McLaren is hit by Wayne Primeau and loses puck.
17:29 of 3rd period - Snap shot by Matt Cooke.
17:29 of 3rd period - Shot Misses the Net.
17:31 of 3rd period - Slapshot by Christoph Schubert.
17:31 of 3rd period - Shot Blocked by Patrice Bergeron.
17:33 of 3rd period - Wrist shot by Victor Oreskovich.
17:33 of 3rd period - Shot Misses the Net.
17:54 of 3rd period - Slapshot by Matt Cooke.
17:54 of 3rd period - Stopped by Henrik Lundqvist with a rebound.
17:56 of 3rd period - Wrist shot by Wayne Primeau.
17:56 of 3rd period - Stopped by Henrik Lundqvist with a rebound.
17:58 of 3rd period - Slapshot by Christoph Schubert.
17:58 of 3rd period - Deflect By Wayne Primeau.
17:58 of 3rd period - Goal by Wayne Primeau - Rangers : 1 - Bruins : 3.
17:59 of 3rd period - Jeremy Roenick wins face-off versus Michael Ryder in neutral zone.
18:24 of 3rd period - Bobby Holik is hit by Wojtek Wolski and loses puck.
18:52 of 3rd period - Bryan Berard is hit by Ryan O'Byrne and loses puck.
19:19 of 3rd period - Daniel Briere is hit by Johan Franzen and loses puck.
Output by the SimonT Hockey Simulator (STHS) for François Prévost -- Original Page W3C XHTML 1.0 Valid